Map: Pillars of Gold LE

Players

cool

  • Race: Protoss Protoss
  • League: Silver
  • Spawn Location: 7:00

FLORENCIO - Winner!

  • Race: Zerg Zerg
  • League: Platinum
  • Spawn Location: 1:00

VOD

Have the link to the VOD?

Description

Time

  • Played on: Jan. 26, 2021, 3:01 p.m.
  • Length: 10:45
Show
View Real Time Build Order
Export as new Build Order

cool Protoss 

Build Orders:  

Get SALT Encoding   

  12  0:02  Probe (Chrono Boost)  
  13  0:17  Pylon, Probe (Chrono Boost)  
  14  0:28  Probe  
  15  0:41  Probe  
  16  0:45  Gateway  
  16  0:54  Probe  
  17  1:06  Probe (Chrono Boost)  
  17  1:07  Assimilator  
  18  1:17  Probe (Chrono Boost)  
  19  1:22  Forge  
  19  1:36  Zealot  
  21  1:44  Gateway  
  21  1:52  Probe  
  22  2:04  Probe  
  23  2:14  Pylon  
  23  2:29  Pylon  
  23  2:32  Zealot x2  
  27  2:59  Zealot, Nexus  
  27  3:14  Zealot  
  27  3:16  Probe (Chrono Boost)  
  30  3:26  Probe (Chrono Boost)  
  31  3:34  Assimilator  
  30  3:52  Probe (Chrono Boost)  
  31  4:02  Probe (Chrono Boost)  
  32  4:14  Pylon  
  32  4:15  Assimilator  
  32  4:20  Cybernetics Core  
  33  4:36  Probe (Chrono Boost)  
  32  4:44  Probe (Chrono Boost)  
  34  4:46  Probe (Chrono Boost)  
  34  4:52  Probe (Chrono Boost)  
  33  4:54  Probe (Chrono Boost)  
  33  4:58  Stalker  
  36  5:00  Stalker  
  36  5:02  Probe  
  36  5:04  Probe  
  40  5:11  Stargate  
  40  5:14  Probe  
  40  5:17  Stargate, Probe  
  37  5:29  Probe  
  38  5:37  Stalker  
  38  5:38  Stalker  
  38  5:41  Probe  
  37  5:51  Void Ray, Probe  
  37  5:55  Void Ray  
  37  6:13  Pylon  
  31  6:50  Void Ray  
  32  7:08  Probe (Chrono Boost)  
  33  7:26  Probe (Chrono Boost)  
  32  7:41  Probe (Chrono Boost)  
  34  7:52  Probe (Chrono Boost)  
  33  8:08  Probe (Chrono Boost)  
  35  8:20  Probe (Chrono Boost)  
  35  8:25  Probe (Chrono Boost)  
  28  8:56  Probe  
  28  8:59  Probe  
  30  9:08  Probe  
  31  9:11  Probe  
  32  9:20  Probe  
  16  9:32  Probe  
Show
View Real Time Build Order
Export as new Build Order

FLORENCIO Zerg - Winner!

Build Orders: Pool First 

Get SALT Encoding   

  12  0:00  Drone  
  13  0:08  Drone  
  14  0:17  Overlord  
  14  0:36  Spawning Pool  
  14  0:42  Drone x2  
  15  0:53  Drone x2, Extractor  
  16  1:03  Overlord  
  16  1:39  Hatchery  
  15  1:42  Drone x3  
  18  1:58  Burrow  
  18  2:12  Extractor  
  18  2:15  Roach Warren, Drone x2  
  18  2:17  Drone  
  20  2:41  Hatchery  
  19  2:55  Roach  
  21  3:09  Overlord  
  21  3:10  Queen  
  23  3:18  Roach  
  23  3:35  Drone  
  24  3:42  Roach  
  24  3:48  Hatchery  
  24  3:54  Lair  
  23  4:00  Hatchery  
  22  4:10  Extractor  
  22  4:11  Zergling x6  
  22  4:14  Baneling Nest  
  23  4:23  Roach  
  23  4:54  Roach  
  23  5:18  Roach x2  
  29  5:28  Roach x2  
  27  5:32  Roach x3  
  26  5:55  Roach  
  26  6:01  Roach x3  
  26  6:15  Roach x3  
  26  6:24  Queen  
  26  6:25  Queen  
  30  6:26  Roach x3  
  30  6:27  Spore Crawler  
  30  6:29  Roach x2  
  27  6:33  Spore Crawler  
  27  6:38  Roach  
  27  6:39  Hatchery  
  21  6:57  Roach  
  21  7:00  Queen x2  
  25  7:11  Roach  
  25  7:14  Nydus Network  
  24  7:25  Hydralisk Den  
  23  7:36  Queen x2  
  27  7:41  Roach  
  27  7:50  Overlord  
  27  7:51  Overlord  
  27  8:11  Queen  
  27  8:12  Queen, Pneumatized Carapace  
  31  8:17  Hydralisk x3  
  31  8:19  Hydralisk  
  39  8:40  Roach  
  39  8:58  Nydus Canal  
  39  9:06  Hydralisk x2  
Tags
 
Add a new tag
Caveats
  • Supply blocks, unpowered buildings, or Contaminate may cause inaccurate times.
  • Supply counts are checked every 10 seconds.